[ AOE2 MATCH · #505891424 ]
UnrankedTeutons vs Celts
Player's team · LOSS
[ REPLAY ANALYSIS · EXTRACTED FROM THE RECORDED GAME ]
Feudal
8:50
Castle
—
Imperial
—
| APM avg | 77.6 |
| APM peak | 130 |
| eAPM avg | 20.3 |
| Villagers / military | 26 / 0 |
Focus
⚔️ 42.5% · 🌾 57.5%
Feudal
8:26
Castle
—
Imperial
—
| APM avg | 64.9 |
| APM peak | 92 |
| eAPM avg | 32.1 |
| Villagers / military | 22 / 3 |
Focus
⚔️ 68.8% · 🌾 31.2%
Militia ×3
Match map
Initial resources + every placement click. Lines = walls · curves = elevation contours. ◆ gold · ⬟ stone · ● berries · ✦ relic · ◌ wall gap
Your base
肥猪头's base
Smoothed initial terrain · ◌ = detected wall gap · hover for details
Inputs per minute
— wisenatic - - 肥猪头
Build order — wisenatic
40 actions detected in the replay
| 0:00 | Create | Villager (Male) |
| 0:01 | Create | Villager (Male) |
| 0:01 | Create | Villager (Male) |
| 0:01 | Create | Villager (Male) |
| 0:02 | Build | House |
| 0:04 | Build | House |
| 1:23 | Create | Villager (Male) |
| 1:24 | Create | Villager (Male) |
| 1:52 | Create | Villager (Male) |
| 1:52 | Create | Villager (Male) |
| 2:30 | Create | Villager (Male) |
| 2:31 | Create | Villager (Male) |
| 2:31 | Create | Villager (Male) |
| 2:50 | Create | Villager (Male) |
| 2:50 | Create | Villager (Male) |
| 3:01 | Build | Lumber Camp |
| 3:08 | Create | Villager (Male) |
| 3:09 | Create | Villager (Male) |
| 3:35 | Build | House |
| 3:49 | Build | House |
| 3:59 | Create | Villager (Male) |
| 3:59 | Create | Villager (Male) |
| 4:30 | Create | Villager (Male) |
| 4:31 | Create | Villager (Male) |
| 4:31 | Create | Villager (Male) |
| 4:31 | Create | Villager (Male) |
| 5:49 | Build | Mining Camp |
| 5:49 | Create | Villager (Male) |
| 5:49 | Create | Villager (Male) |
| 5:50 | Create | Villager (Male) |
| 6:39 | Research | Feudal Age |
| 6:39 | Research | Feudal Age |
| 6:39 | Research | Feudal Age |
| 7:52 | Build | Barracks |
| 8:05 | Create | Villager (Male) |
| 8:29 | Research | Loom |
| 8:32 | Build | Palisade Wall |
| 8:50 | Build | Palisade Wall |
| 8:50 | Age | Feudal Age |
| 8:55 | Create | Villager (Male) |
Build order — 肥猪头
39 actions detected in the replay
| 0:00 | Create | Villager (Male) |
| 0:02 | Build | House |
| 0:03 | Build | House |
| 0:09 | Create | Villager (Male) |
| 0:09 | Create | Villager (Male) |
| 0:13 | Create | Villager (Male) |
| 0:13 | Create | Villager (Male) |
| 1:01 | Build | Lumber Camp |
| 1:26 | Create | Villager (Male) |
| 1:27 | Create | Villager (Male) |
| 1:56 | Create | Villager (Male) |
| 1:56 | Create | Villager (Male) |
| 2:17 | Create | Villager (Male) |
| 2:17 | Create | Villager (Male) |
| 2:38 | Create | Villager (Male) |
| 3:00 | Create | Villager (Male) |
| 3:31 | Create | Villager (Male) |
| 3:33 | Build | House |
| 3:35 | Create | Villager (Male) |
| 4:27 | Create | Villager (Male) |
| 4:38 | Build | Barracks |
| 4:41 | Create | Villager (Male) |
| 4:42 | Create | Villager (Male) |
| 4:49 | Create | Villager (Male) |
| 5:18 | Build | House |
| 5:32 | Research | Loom |
| 6:14 | Research | Feudal Age |
| 6:32 | Build | Mining Camp |
| 6:34 | Create | Militia |
| 6:54 | Create | Militia |
| 7:07 | Build | House |
| 7:21 | Create | Militia |
| 8:02 | Create | Villager (Male) |
| 8:26 | Age | Feudal Age |
| 8:37 | Build | Archery Range |
| 8:38 | Research | Double-Bit Axe |
| 8:39 | Create | Villager (Male) |
| 8:45 | Create | Villager (Male) |
| 9:02 | Research | Man-at-Arms (upgrade) |
Match timeline
| 4:38 | 肥猪头 · first_building Barracks |
| 7:52 | wisenatic · first_building Barracks |
| 8:26 | 肥猪头 · age_up feudal |
| 8:32 | wisenatic · wall_segment Palisade Wall x1 |
| 8:37 | 肥猪头 · first_building Archery Range |
| 8:50 | wisenatic · age_up feudal |
| 8:50 | wisenatic · wall_segment Palisade Wall x1 |
| 9:02 | wisenatic · resign |
[ AI ANALYSIS · 1 CREDIT ]
What really happened in this match?
Wolo.gg analyzes every decision: build order, eco, micro, common mistakes by bracket. Personalized analysis on WhatsApp or Discord in 30 seconds.
Civ guide
Teutons
Perfil
Jugador #616906